 Dungeon Crawl Stone Soup version 0.25-a0-156-g0c4bda3fdf (webtiles) character file.

Game seed: 2551956325360831294, levelgen mode: deterministic

174 Leeroy the Slasher (level 5, -1/41 HPs)
             Began as a Draconian Skald on Nov 20, 2019.
             Killed from afar by an orc wizard (10 damage)
             ... with a puff of flame
             ... on level 3 of the Dungeon.
             The game lasted 00:04:09 (2502 turns).

Leeroy the Slasher (Draconian Skald)                Turns: 2502, Time: 00:04:09

Health: -1/41      AC:  6    Str: 13    XL:     5   Next: 28%
Magic:  6/8        EV:  9    Int: 13    God:
Gold:   286        SH:  6    Dex: 12    Spells: 7/8 levels left

rFire    . . .     SeeInvis .   a - +0 falchion
rCold    . . .     Gourm    .   p - +0 shield
rNeg     . . .     Faith    .   (armour unavailable)
rPois    .         Spirit   .   (helmet restricted)
rElec    .         Reflect  .   (no cloak)
rCorr    .         Harm     .   (no gloves)
MR       .....                  q - +0 pair of boots
Stlth    +.........             (no amulet)
HPRegen  0.13/turn              (no ring)
MPRegen  0.11/turn              (no ring)

@: infused
A: unfitting armour, cold-blooded, AC +5
a: no special abilities


You were on level 3 of the Dungeon.
You were not hungry.

You visited 1 branch of the dungeon, and saw 4 of its levels.

You collected 286 gold pieces.

Inventory:

Hand Weapons
 a - a +0 falchion (weapon)
 h - a +0 dagger
 v - a +0 rapier
Missiles
 b - 142 stones (quivered)
 s - 4 boomerangs
 u - 15 poisoned darts
Armour
 p - a +0 shield (worn)
 q - a +0 pair of boots (worn)
Jewellery
 d - a +3 ring of dexterity {unknown}
 i - an uncursed ring of stealth {unknown}
Scrolls
 e - 5 scrolls of identify {unknown}
 g - 2 scrolls of noise {unknown}
 j - a scroll of random uselessness {unknown}
 k - a scroll of remove curse {unknown}
 m - 3 scrolls of blinking {unknown}
 t - a scroll of teleportation {unknown}
Potions
 f - 2 potions of agility {unknown}
 l - a potion of berserk rage {unknown}
 n - a potion of magic {unknown}
 r - a potion of curing {unknown}
Comestibles
 c - 5 rations


   Skills:
 - Level 2.1 Fighting
 + Level 5.6 Long Blades
 - Level 2.1 Dodging
 - Level 2.0 Spellcasting
 - Level 2.6 Charms


You had 7 spell levels left.
You knew the following spells:

 Your Spells              Type           Power        Failure   Level  Hunger
a - Infusion              Chrm           #...         52%         1    ##.....

Your spell library contained the following spells:

 Spells                   Type           Power        Failure   Level  Hunger
 Song of Slaying          Chrm           #.......     65%         2    ###....
 Shroud of Golubria       Chrm/Tloc      #.....       83%         2    ###....
 Regeneration             Chrm/Necr      #.........   97%         3    ####...
 Spectral Weapon          Hex/Chrm       #.......     97%         3    ####...


Dungeon Overview and Level Annotations

Branches:
Dungeon (4/15)
 Temple: D:4-7

Altars:
Ashenzari
Ru
Sif Muna
Trog
Xom
The Shining One

Shops:
D:4 }


Innate Abilities, Weirdness & Mutations

Your plain brown scales are hard. (AC +5)
You cannot fit into any form of body armour.
You are cold-blooded and may be slowed by cold attacks.


Message History

The orc wizard is heavily wounded.
The orc wizard hits you with a +0 dagger.
The orc barely misses you. You block the orc wizard's attack.
There is an open door here.
The orc wizard hits you with a +0 dagger.
* * * LOW HITPOINT WARNING * * *
Casting: Infusion (safe; 52% risk of failure)
Confirm with . or Enter, or press ? or * to list all spells.
You begin infusing your attacks with magical energy.
You block the orc wizard's attack.
You hit the orc wizard.
The orc wizard is heavily wounded.
The orc wizard miscasts a cantrip.
The orc wizard hits you with a +0 dagger.
* * * LOW HITPOINT WARNING * * *
You hit the orc wizard.
The orc wizard is severely wounded.
The orc wizard points at you and mumbles some strange words.
The puff of flame hits you!
You die...

#...# #..#.#
#.#####.## #.###
#..#.# #.........
..# #..#.#
########.# ###
#######..#.####
#.#
#.....#.......#
#.#
#.....##.#.##.#
#.#
#.....##.#.##.#
#.#
###.....##...##.#
#.#
.....".oo@......#
##'#
......).###..####
#... ........#
#.>...# #...
........#
#####.### #...
....##### #...#
#... ... #...#
#†.. ..
####...#####... .
#.........##...
#..........##'#


You could see an orc wizard and an orc.

Vanquished Creatures
  An orc priest (D:3)
  4 adders
  3 gnolls (D:3)
  3 worms
  5 leopard geckos
  2 orcs (D:4)
  4 giant cockroaches
  6 goblins
  8 hobgoblins
  10 kobolds
  3 quokkas
  7 bats
  6 frilled lizards
  2 jackal skeletons (D:4)
  A quokka skeleton (D:4)
  5 rats
70 creatures vanquished.

Notes
Turn   | Place    | Note
-------+----------+-------------------------------------------
     0 | D:1      | Leeroy the Draconian Skald began the quest for the Orb.
     0 | D:1      | Reached XP level 1. HP: 17/17 MP: 3/3
   172 | D:1      | Reached XP level 2. HP: 24/24 MP: 5/5
   217 | D:1      | Reached skill level 3 in Long Blades
   736 | D:2      | Reached XP level 3. HP: 25/29 MP: 6/6
   769 | D:2      | Found a bloodstained altar of Trog.
   840 | D:2      | Found a shimmering altar of Xom.
   871 | D:2      | Reached skill level 4 in Long Blades
   906 | D:2      | Found a shimmering altar of Xom.
   907 | D:2      | Found a shimmering altar of Xom.
   907 | D:2      | Found a shimmering altar of Xom.
   908 | D:2      | Found a shimmering altar of Xom.
  1170 | D:2      | Reached XP level 4. HP: 34/36 MP: 7/7
  1527 | D:3      | Reached skill level 5 in Long Blades
  1713 | D:4      | Found a sacrificial altar of Ru.
  1728 | D:4      | Found Daobbiff's Gadget Boutique.
  1856 | D:4      | Reached XP level 5. HP: 40/41 MP: 8/8
  1887 | D:4      | Found a shimmering blue altar of Sif Muna.
  2004 | D:4      | Found a shattered altar of Ashenzari.
  2045 | D:4      | Found a glowing golden altar of the Shining One.
  2502 | D:3      | Killed from afar by an orc wizard

Levels and vault maps discovered:
D:1:      tarquinn_simple_flora_water_e, layout_loops_ring,
          hangedman_abyss_or_decor_stabs, minmay_crystal_room
D:2:      layout_loops_cross, marbit_many_paths, xom_redecorated
D:3:      layout_basic
D:4:      layout_basic, kennysheep_mini_moat, led_sif_book,
          nicolae_ru_sacrificial_ziggurat, lemuel_coloured_pillars_altar,
          serial_shops, nicolae_shop_crystal

Skill      XL: |  1  2  3  4 |
---------------+-------------+-----
Long Blades    | 3 4 5 |  5.6
Fighting       | |  2.1
Dodging        | |  2.1
Spellcasting   | |  2.0
Charms         | |  2.6

Action                   |  1- 3 |  4- 6 || total
-------------------------+-------+-------++-------
Melee: Falchion          |   132 |   131 ||   263
       Tailslap          |     9 |    20 ||    29
 Cast: Infusion          |     1 |     1 ||     2
  Use: Potion            |     1 |       ||     1
 Stab: Sleeping          |     1 |     1 ||     2
  Eat: Chunk             |     1 |     2 ||     3
       Ration            |       |     1 ||     1
Armor: Skin              |    41 |    45 ||    86
Dodge: Dodged            |   108 |    59 ||   167
Block: Shield            |       |    39 ||    39
       Rpst.: Falchion   |    34 |    20 ||    54

Table legend:
 A = Non-vault XP
 B = Vault XP
 C = Vault XP percentage of total XP
 D = Non-vault monster count
 E = Vault monster count
 F = Vault count percentage of total count
                 A         B        C        D         E       F
            +---------+---------+-------+---------+---------+-------
      Total |     247 |       2 |   0.8 |      69 |       1 |   1.4
            +---------+---------+-------+---------+---------+-------
        D:1 |      29 |       0 |   0.0 |      16 |       0 |   0.0
        D:2 |      74 |       2 |   2.6 |      27 |       1 |   3.6
        D:3 |     119 |       0 |   0.0 |      18 |       0 |   0.0
        D:4 |      25 |       0 |   0.0 |       8 |       0 |   0.0
            +---------+---------+-------+---------+---------+-------
